 Dungeon Crawl Stone Soup version 0.20-a0-830-g2c9a30d (console) character file.

276 nht the Insei (level 6, -2/47 HPs)
             Began as a Draconian Transmuter on Mar 5, 2017.
             Slain by a worker ant (3 damage)
             ... on level 4 of the Dungeon on Mar 6, 2017.
             The game lasted 00:08:10 (3190 turns).

nht the Insei (Draconian Transmuter)                Turns: 3190, Time: 00:08:11

Health: -2/47      AC:  9    Str: 11 (12) XL:     6   Next: 4%
Magic:  9/9        EV: 12    Int: 13 (15) God:
Gold:   229        SH:  0    Dex: 12      Spells: 5/9 levels left

rFire    . . .     SeeInvis .     - Unarmed
rCold    + . .     Gourm    .   (armour unavailable)
rNeg     . . .     Faith    .   (no shield)
rPois    .         Spirit   .   (helmet restricted)
rElec    +         Reflect  .   (no cloak)
rCorr    .         Harm     .   t - +2 pair of gloves
MR       .....                  (boots currently unavailable)
Stlth    +.........             (no amulet)
Regen    0.2/turn               (no ring)
MPRegen  0.2/turn               j - ring of protection from cold

@: about to teleport, appendage (expiring)
A: unfitting armour, talons 3, deterioration 1, electricity resistance,
cold-blooded, AC +6
a: End Transformation


You were on level 4 of the Dungeon.
You were not hungry.
You had grown temporary talons.
You visited 1 branch of the dungeon, and saw 4 of its levels.

You collected 229 gold pieces.

Inventory:

Missiles
 a - 58 arrows
Armour
 t - a +2 pair of gloves (worn)
Jewellery
 h - an uncursed amulet of faith {unknown}
 j - a ring of protection from cold (left hand)
Scrolls
 e - a scroll of remove curse
 f - a scroll of teleportation
 l - a scroll of recharging {unknown}
 n - a scroll of enchant armour {unknown}
 o - 3 scrolls of identify
 u - a scroll of immolation {unknown}
Potions
 i - 2 potions of agility
Books
 b - a book of Changes

   Spells                             Type                      Level
   a - Beastly Appendage              Transmutation                1
   b - Sticks to Snakes               Transmutation                2
   c - Spider Form                    Transmutation/Poison         3
   d - Ice Form                       Ice/Transmutation            4
   e - Blade Hands                    Transmutation                5
Comestibles
 c - 4 bread rations
 d - 2 chunks of flesh
 g - 2 fruits
 r - a meat ration
 s - a royal jelly


   Skills:
 - Level 1.1 Fighting
 - Level 1.7 Dodging
 * Level 5.9 Unarmed Combat
 - Level 2.0 Spellcasting
 + Level 3.9 Transmutations


You had 5 spell levels left.
You knew the following spells:

 Your Spells              Type           Power        Failure   Level  Hunger
a - Beastly Appendage     Tmut           ##....       8%          1    ##.....
b - Spider Form           Tmut/Pois      #.........   38%         3    ####...


Dungeon Overview and Level Annotations

Branches:
Dungeon (4/15)
 Temple: D:4-7

Altars:


Innate Abilities, Weirdness & Mutations

Your plain brown scales are hard. (AC +6)
You cannot fit into any form of body armour.
You are cold-blooded and may be slowed by cold attacks.
You have claws for feet.
Your body sometimes deteriorates upon taking damage.
You are resistant to electric shocks. (rElec)


Message History

You punch the ogre!
The ogre is moderately wounded.
The ogre hits you with a giant club!!
Ouch! That really hurt!
* * * LOW HITPOINT WARNING * * *
The orc wizard casts a spell.
The orc wizard blinks!
The phantom blinks!
Okay, then.
As you read the scroll labeled LAAFOI KISTEN, it crumbles to dust.
It is a scroll of identify.
f - 2 scrolls of teleportation The worker ant completely misses you.
The ogre closely misses you. The worker ant barely misses you.
The worker ant bites you.
* * * LOW HITPOINT WARNING * * *
As you read the scroll of teleportation, it crumbles to dust.
You feel strangely unstable.
The phantom blinks!
The worker ant bites you.
* * * LOW HITPOINT WARNING * * *
The worker ant bites you.
You die...

....§............█
................█
........█.o....███
..........o.......
█...W.█..........█
██....o.........█
███............█
██..aO.......█
█...@........█
.██...........█
...............█
.........█.....██
.........██...███
............███████
.....██.....<.....██
█...█
██............. ██
█.█..█████████


You could see a phantom, an ogre, a worker ant, an orc wizard and 2 orcs.

Vanquished Creatures
  A scorpion (D:4)
  An orc priest (D:3)
  A worker ant (D:4)
  7 adders
  2 worms
  3 dart slugs
  A leopard gecko (D:3)
  14 orcs (D:3)
  7 bats
  6 giant cockroaches
  9 goblins
  8 hobgoblins
  8 jackals
  2 ball pythons
  2 frilled lizards
  A kobold (D:2)
  8 rats
81 creatures vanquished.

Notes
Turn   | Place    | Note
-------+----------+-------------------------------------------
     0 | D:1      | nht the Draconian Transmuter began the quest for the Orb.
     0 | D:1      | Reached XP level 1. HP: 16/16 MP: 3/3
   394 | D:1      | Reached XP level 2. HP: 19/23 MP: 3/5
  1045 | D:2      | Reached XP level 3. HP: 25/28 MP: 6/6
  1068 | D:2      | Reached skill level 4 in Unarmed Combat
  1597 | D:2      | Learned a level 3 spell: Spider Form
  1637 | D:2      | Reached XP level 4. HP: 35/35 MP: 7/7
  2238 | D:3      | Upgraded the game from 0.20-a0-823-gdec668e to 0.20-a0-830-g2c9a30d
  2267 | D:3      | Reached skill level 5 in Unarmed Combat
  2315 | D:3      | Reached XP level 5. HP: 27/40 MP: 8/8
  2981 | D:4      | HP: 2/40 [poisoned by a scorpion]
  2992 | D:3      | Gained mutation: Your body sometimes deteriorates upon taking damage. [potion of mutation]
  2992 | D:3      | Gained mutation: You are resistant to electric shocks. (rElec) [potion of mutation]
  3136 | D:4      | Reached XP level 6. HP: 38/47 MP: 9/9
  3189 | D:4      | HP: 1/47 [worker ant (4)]
  3190 | D:4      | Slain by a worker ant

Vault maps used:
D:1:      minmay_arrival_widening_spiral_narrow
D:4:      serial_shops, nicolae_shop_trees, first_bread

Skill      XL: |  1  2  3  4 |
---------------+-------------+-----
Unarmed Combat | 4 5 |  5.9
Transmutations | 3 |  3.9
Fighting       | |  1.1
Dodging        | |  1.7
Spellcasting   | |  2.0

Action                   |  1- 3 |  4- 6 || total
-------------------------+-------+-------++-------
Melee: Unarmed           |   155 |   179 ||   334
       Tailslap          |    11 |    14 ||    25
       Kick              |     9 |    13 ||    22
       Headbutt          |     3 |    10 ||    13
       Punch             |     1 |     3 ||     4
 Cast: Beastly Appendage |    21 |    14 ||    35
  Use: Scroll            |       |     3 ||     3
       Potion            |       |    10 ||    10
  Eat: Chunk             |     3 |     6 ||     9
Armor: Skin              |    61 |    62 ||   123
Dodge: Dodged            |   114 |    91 ||   205
